 Dungeon Crawl Stone Soup version 0.20.1-1-g8b1a95d (webtiles) character file.

102 tidbits the Insei (level 4, -3/34 HPs)
             Began as a Demigod Transmuter on Aug 19, 2017.
             Slain by a wight
             ... wielding a cursed +4 long sword
              (15 damage)
             ... on level 4 of the Dungeon.
             The game lasted 00:09:22 (710 turns).

tidbits the Insei (Demigod Transmuter)               Turns: 710, Time: 00:09:23

Health: -3/34      AC:  2    Str: 13    XL:     4   Next: 26%
Magic:  2/11       EV: 19    Int: 19    God:
Gold:   132        SH:  0    Dex: 21    Spells: 3/9 levels left

rFire    . . .     SeeInvis .     - Unarmed
rCold    . . .     Gourm    .   (shield currently unavailable)
rNeg     . . .     Faith    .   (armour currently unavailable)
rPois    x         Spirit   .   (helmet currently unavailable)
rElec    .         Reflect  .   (cloak currently unavailable)
rCorr    .         Harm     .   (gloves currently unavailable)
MR       .....                  (boots currently unavailable)
Stlth    ++........             (no amulet)
Regen    0.2/turn               (no ring)
MPRegen  0.2/turn               (no ring)

@: spider-form (expiring), very slightly contaminated, drained
A: high mp 1
a: End Transformation


You were on level 4 of the Dungeon.
You were not hungry.
You were a venomous arachnid creature.
You visited 1 branch of the dungeon, and saw 4 of its levels.

You collected 132 gold pieces.

Inventory:

Missiles
 a - 8 arrows
Armour
 b - a +0 robe (melded)
Wands
 m - a wand of random effects (19/48)
Scrolls
 e - a scroll of magic mapping {unknown}
 f - 4 scrolls of identify {unknown}
 j - a scroll of teleportation {unknown}
 l - a scroll of remove curse {unknown}
Potions
 g - a potion of berserk rage {unknown}
 i - a potion of heal wounds
Books
 c - a book of Changes

   Spells                             Type                      Level
   a - Beastly Appendage              Transmutation                1
   b - Sticks to Snakes               Transmutation                2
   c - Spider Form                    Transmutation/Poison         3
   d - Ice Form                       Ice/Transmutation            4
   e - Blade Hands                    Transmutation                5
Comestibles
 d - 3 bread rations
 h - 4 chunks of flesh
 k - 2 fruits


   Skills:
 - Level 0.8(0.7) Fighting
 - Level 1.7(1.6) Dodging
 - Level 4.0(3.9) Unarmed Combat
 + Level 3.0(2.8) Spellcasting
 - Level 1.7(1.6) Transmutations


You had 3 spell levels left.
You knew the following spells:

 Your Spells              Type           Power        Failure   Level  Hunger
e - Beastly Appendage     Tmut           #.....       21%         1    None
k - Sticks to Snakes      Tmut           #.......     28%         2    ##.....
p - Spider Form           Tmut/Pois      #.........   54%         3    ###....


Dungeon Overview and Level Annotations

Branches:
Dungeon (4/15)
 Temple: D:4-7


Innate Abilities, Weirdness & Mutations

You have an increased reservoir of magic. (+10% MP)


Message History

You butcher the ball python corpse.
h - 5 chunks of flesh (gained 3)
Your transformation has ended.
Your +0 robe unmelds from your body.
You now have 122 gold pieces (gained 12).
Found a stone staircase leading up.
A worm comes into view.
Casting: Spider Form
Confirm with . or Enter, or press ? or * to list all spells.
You miscast Spider Form.
Your limbs ache and wobble like jelly!
Casting: Spider Form
Confirm with . or Enter, or press ? or * to list all spells.
You turn into a venomous arachnid creature.
Your +0 robe melds into your body.
Found 10 gold pieces.
The worm barely misses you.
You hit the worm.
The worm is poisoned.
The worm is moderately wounded.
The worm bites you but does no damage.
You are feeling hungry.
You hit the worm.
The worm looks as sick as possible!
The worm is heavily wounded.
Your transformation is almost over.
You kill the worm!
Your attacks no longer feel as feeble.
You see here a worm corpse.
You butcher the worm corpse.
h - 6 chunks of flesh (gained 1) Eat one of 6 chunks of flesh? (ye/n/q)
You eat one of the 6 chunks of flesh.
This raw flesh tastes terrible.
Some of the chunks of flesh in your inventory have rotted away.
Your transformation has ended.
Your +0 robe unmelds from your body.
You now have 132 gold pieces (gained 10).
There is a stone staircase leading down here.
You climb downwards.
There is a stone staircase leading up here.
Found a stone staircase leading down.
There is a stone staircase leading down here.
Your magical contamination has completely faded away.
There is a stone staircase leading down here.
You climb downwards.
A wight comes into view. It is wielding a dagger.
Found a worn silver wand.
There is a stone staircase leading up here.
You see here a wand of random effects (?/48).
m - a wand of random effects (?/48)
Casting: Spider Form
Confirm with . or Enter, or press ? or * to list all spells.
You miscast Spider Form.
You are very lightly contaminated with residual magic.
Nothing appears to happen.
A wight comes into view. It is wielding an enchanted long sword.
Casting: Spider Form
Confirm with . or Enter, or press ? or * to list all spells.
You turn into a venomous arachnid creature.
Your +0 robe melds into your body.
The wight closely misses you.
Casting: Spider Form
Confirm with . or Enter, or press ? or * to list all spells.
You don't have enough magic to cast that spell.
You hit the wight.
The wight is moderately damaged.
You barely miss the wight.
The wight is moderately damaged.
You hit the wight but do no damage.
The wight is moderately damaged.
Your transformation is almost over.
The wight misses you. The wight barely misses you.
You bite the wight!
The wight is severely damaged.
The wight hits you with a dagger.
You feel drained. The wight barely misses you.
You hit the wight but do no damage.
The wight is severely damaged.
The wight closely misses you. x2
You hit the wight but do no damage.
The wight is severely damaged.
The wight hits you with a dagger.
You hit the wight but do no damage.
The wight is severely damaged.
The wight completely misses you. x2
You hit the wight but do no damage.
The wight is severely damaged.
The wight hits you with an enchanted long sword.
The wight hits you with a dagger.
* * * LOW HITPOINT WARNING * * *
You feel drained.
* * * LOW HITPOINT WARNING * * *
You hit the wight.
The wight is almost destroyed.
The wight misses you.
The wight hits you with an enchanted long sword.
* * * LOW HITPOINT WARNING * * *
You hit the wight.
You destroy the wight!
Your base Spellcasting skill increases to level 3!
You have reached level 4!
The wight hits you with an enchanted long sword!
You die...

# #.# #.#.#
#
#####.#.#.#
........#.#
#####.#...#
#.#.### #
#.# #.#z#
#.)s# #####


You could see a wight.

Vanquished Creatures
  A wight (D:4)
  2 adders (D:2)
  A worm (D:2)
  5 dart slugs
  A leopard gecko (D:1)
  3 ball pythons
  5 bats
  A giant cockroach (D:1)
  5 hobgoblins
  2 kobolds (D:2)
  2 frilled lizards
  A goblin (D:1)
  3 rats
32 creatures vanquished.

Vanquished Creatures (collateral kills)
  A bat (D:1)
  A rat (D:2)
2 creatures vanquished.

Grand Total: 34 creatures vanquished

Notes
Turn   | Place    | Note
-------+----------+-------------------------------------------
     0 | D:1      | tidbits the Demigod Transmuter began the quest for the Orb.
     0 | D:1      | Reached XP level 1. HP: 15/15 MP: 5/5
    38 | D:1      | Reached skill level 3 in Unarmed Combat
    98 | D:1      | Reached XP level 2. HP: 14/22 MP: 5/7
   132 | D:1      | Learned a level 2 spell: Sticks to Snakes
   423 | D:2      | HP: 1/22 [adder (5)]
   426 | D:2      | Reached skill level 4 in Unarmed Combat
   426 | D:2      | Reached XP level 3. HP: 20/27 MP: 2/8
   467 | D:2      | Found a glowing golden altar of the Shining One.
   592 | D:2      | Reached skill level 2 in Spellcasting
   597 | D:2      | Learned a level 3 spell: Spider Form
   710 | D:4      | Reached skill level 3 in Spellcasting
   710 | D:4      | Reached XP level 4. HP: 11/34 MP: 1/11
   710 | D:4      | Slain by a wight

Skill      XL: |  1  2  3 |
---------------+----------+-----
Unarmed Combat | 3 4 |  4.0
Spellcasting   | 3 |  3.0
Fighting       | |  0.8
Dodging        | |  1.7
Transmutations | |  1.7

Action                   |  1- 3 |  4- 6 || total
-------------------------+-------+-------++-------
Melee: Unarmed           |    95 |       ||    95
       Headbutt          |    10 |       ||    10
       Kick              |     4 |       ||     4
       Punch             |     1 |       ||     1
 Cast: Beastly Appendage |    18 |       ||    18
       Sticks to Snakes  |     4 |       ||     4
       Spider Form       |     3 |       ||     3
  Use: Potion            |     1 |       ||     1
 Stab: Sleeping          |     2 |       ||     2
  Eat: Chunk             |     1 |       ||     1
Armor: Robe              |    22 |       ||    22
       Skin              |     1 |       ||     1
Dodge: Dodged            |    62 |       ||    62

Table legend:
 A = Turns spent in this place as a percentage of turns spent in the entire game.
 B = Non-inter-level travel turns spent in this place as a percentage of non-inter-level travel turns spent in the entire game.
 C = Inter-level travel turns spent in this place as a percentage of turns spent in this place.
 D = Turns resting spent in this place as a percentage of non-inter-level travel turns spent in this place.
 E = Turns spent auto-exploring this place as a percentage of non-inter-level travel turns spent in this place.
 F = Non-inter-level travel turns spent in this place divided by the number of levels of this place that you've seen.
                   A       B       C       D       E      F
               +-------+-------+-------+-------+-------+----------------------
         Total | 100.0 | 100.0 |   0.0 |   0.0 |   0.0 | 170.2
       Dungeon | 100.0 | 100.0 |   0.0 |   0.0 |   0.0 | 170.2
               +-------+-------+-------+-------+-------+----------------------

Table legend:
 A = Kills in this place as a percentage of kills in entire the game.
 B = Kills by you in this place as a percentage of kills by you in the entire game.
 C = Kills by friends in this place as a percentage of kills by friends in the entire game.
 D = Other kills in this place as a percentage of other kills in the entire game.
 E = Experience gained in this place as a percentage of experience gained in the entire game.
 F = Experience gained in this place divided by the number of levels of this place that you have seen.
                   A       B       C       D       E      F
               +-------+-------+-------+-------+-------+----------------------
         Total | 100.0 | 100.0 | 100.0 |  -nan | 100.0 |  36.8
       Dungeon | 100.0 | 100.0 | 100.0 |  -nan | 100.0 |  36.8
               +-------+-------+-------+-------+-------+----------------------

Vault maps used:
D:1:      saegor_arrival_simple_c
D:2:      nicolae_tso_swordbearing_angel
D:3:      nicolae_overflow_crystal_walls, first_bread
D:4:      cheibrodos_greedy_goblins, grunt_decor_clamped
